[Event "Late-Titled-Tuesday-Blitz-April-16-2024"]
[Site "Chess.com"]
[Date "2024.04.16"]
[Round "8"]
[White "BogdanDeac"]
[Black "oskariot"]
[Result "1-0"]
[WhiteElo "2994"]
[BlackElo "2741"]
[TimeControl "180+1"]
[EndTime "15:19:47 PDT"]
[Termination "BogdanDeac won by resignation"]

1. d4 Nf6 2. c4 c5 3. d5 g6 4. Nc3 Bg7 5. e4 d6 6. h3 O-O 7. Be3 e6 8. Nf3 Na6 9. Be2 exd5 10. exd5 Re8 11. O-O Ne4 12. Nxe4 Rxe4 13. Qd2 Bf5 14. Bd3 Re8 15. Bxf5 gxf5 16. Bg5 Qd7 17. Bh6 Re4 18. Bxg7 Kxg7 19. Qg5+ 1-0

[Event "Late-Titled-Tuesday-Blitz-April-16-2024"]
[Site "Chess.com"]
[Date "2024.04.16"]
[Round "8"]
[White "mbojan"]
[Black "Bykov_Egor"]
[Result "1-0"]
[WhiteElo "2950"]
[BlackElo "2602"]
[TimeControl "180+1"]
[EndTime "15:20:36 PDT"]
[Termination "mbojan won by resignation"]

1. a3 e5 2. e3 d5 3. d4 e4 4. c4 c6 5. Bd2 c5 6. dxc5 Bxc5 7.
cxd5 Nf6 8. Nc3 O-O 9. Nh3 Bxh3 10. gxh3 Nxd5 11. Nxe4 Bb6 12. Bg2 f5 13. Nc3 Nxc3 14. Bxc3 Qe7 15. Bb4 Bc5 16. Qd5+ 1-0

[Event "Late-Titled-Tuesday-Blitz-April-16-2024"]
[Site "Chess.com"]
[Date "2024.04.16"]
[Round "8"]
[White "Sjakkerntobi"]
[Black "Andrii_Prydun"]
[Result "1-0"]
[WhiteElo "2524"]
[BlackElo "2373"]
[TimeControl "180+1"]
[EndTime "15:20:54 PDT"]
[Termination "Sjakkerntobi won by resignation"]

1. e4 d5 2. exd5 Qxd5 3. Nc3 Qf5 4. Bd3 Qd7 5. Nf3 Nf6 6. O-O e6 7. Ne5 Qd4 8. Re1 a6 9. Nf3 Qa7 10. Bc4 c5 11. d4 b5 12. Bf1 Bb7 13. d5 b4 14. dxe6 bxc3 15. exf7+ Kxf7 16. Ne5+ 1-0

[Event "Late-Titled-Tuesday-Blitz-April-16-2024"]
[Site "Chess.com"]
[Date "2024.04.16"]
[Round "8"]
[White "Mikhail_Bryakin"]
[Black "Msb2"]
[Result "0-1"]
[WhiteElo "2883"]
[BlackElo "3014"]
[TimeControl "180+1"]
[EndTime "15:21:04 PDT"]
[Termination "Msb2 won by resignation"]

1. Nf3 d5 2. d4 e6 3. Bf4 c5 4.
e3 Nc6 5. c3 Bd6 6. Bg3 Nge7 7.
Nbd2 cxd4 8. exd4 O-O 9. Bd3 f6 10. Qb1 h6 11. Bxd6 Qxd6 12. O-O e5 13. dxe5 fxe5 14.
Bc2 e4 15. Nd4 Nxd4 16. cxd4 Nf5 17. Nb3 Nh4 18. Nd2 Qg6 19. g3 Bh3 20. Re1 Qf6 21. Re2 Nf3+ 0-1

[Event "Late-Titled-Tuesday-Blitz-April-16-2024"]
[Site "Chess.com"]
[Date "2024.04.16"]
[Round "8"]
[White "FMYiLiu"]
[Black "Mikhail_Golubev"]
[Result "0-1"]
[WhiteElo "2466"]
[BlackElo "2586"]
[TimeControl "180+1"]
[EndTime "15:21:17 PDT"]
[Termination "Mikhail_Golubev won by resignation"]

1. d4 Nf6 2. Nf3 d6 3. c4 g6 4.
Nc3 Bg7 5. e4 O-O 6. Be2 e5 7. O-O h6 8. d5 Na6 9. Qc2 Nh5 10. Re1 f5 11. Nd2 Nf6 12. exf5 gxf5 13. f4 Ng4 14. Nf1 exf4 15. Qd1 Qh4 16. Kh1 Nf2+ 0-1

[Event "Late-Titled-Tuesday-Blitz-April-16-2024"]
[Site "Chess.com"]
[Date "2024.04.16"]
[Round "8"]
[White "masterofpuppets2"]
[Black "djano"]
[Result "1/2-1/2"]
[WhiteElo "2503"]
[BlackElo "2616"]
[TimeControl "180+1"]
[EndTime "15:21:20 PDT"]
[Termination "Game drawn by repetition"]

1. d4 Nf6 2. c4 e5 3. dxe5 Ng4 4. Nf3 Nc6 5. a3 Ncxe5 6. Nxe5 Nxe5 7. e3 b6 8. b4 Bb7 9. Bb2 Qf6 10. Qc2 O-O-O 11. Nc3 Qh4 12. Nd5 Bd6 13. O-O-O Rhe8 14. g3 Qh5 15. Be2 Qh3 16. Bf1 Qh5 17. Be2 Qh3 18. Bf1 Qh5 1/2-1/2

[Event "Late-Titled-Tuesday-Blitz-April-16-2024"]
[Site "Chess.com"]
[Date "2024.04.16"]
[Round "8"]
[White "1800_strength"]
[Black "maximnovik"]
[Result "1-0"]
[WhiteElo "2734"]
[BlackElo "2573"]
[TimeControl "180+1"]
[EndTime "15:21:28 PDT"]
[Termination "1800_strength won by resignation"]

1. Nf3 Nf6 2. g3 g6 3. Bg2 Bg7 4. O-O d5 5. d3 O-O 6. Nbd2 c5 7. e4 e6 8. Re1 Nc6 9. c3 a5 10. a4 b6 11. exd5 exd5 12. d4 cxd4 13. Nxd4 Nxd4 14.
cxd4 Bf5 15. Nf3 Ne4 16. Qb3 Be6 17. Bf4 Rc8 18. Rac1 f6 19. Rxc8 Qxc8 20. Qxb6 Bf7 21.
Rc1 Qa8 22. Rc7 Rb8 23. Ra7 Rxb6 24. Rxa8+ Bf8 25. Bh6 1-0

[Event "Late-Titled-Tuesday-Blitz-April-16-2024"]
[Site "Chess.com"]
[Date "2024.04.16"]
[Round "8"]
[White "maurovargas01"]
[Black "Mariia89"]
[Result "0-1"]
[WhiteElo "1895"]
[BlackElo "2231"]
[TimeControl "180+1"]
[EndTime "15:21:33 PDT"]
[Termination "Mariia89 won by resignation"]

1. e4 c6 2. Nc3 d5 3. d3 dxe4 4. Nxe4 Nf6 5. Nxf6+ exf6 6. g3 Be7 7. Bg2 O-O 8. Nf3 Nd7 9. O-O Ne5 10. Bf4 Nxf3+ 11.
Bxf3 Be6 12. Re1 Re8 13. Qd2 Qd7 14. Rad1 Rad8 15. c3 Bd6 16. Bxd6 Qxd6 17. b3 Bh3 18. d4 Re6 19. Bg2 Bxg2 20. Kxg2 Rde8 21. Rxe6 Qxe6 22. Re1 Qxe1 0-1

[Event "Late-Titled-Tuesday-Blitz-April-16-2024"]
[Site "Chess.com"]
[Date "2024.04.16"]
[Round "8"]
[White "ContrVersia"]
[Black "wild3000"]
[Result "1-0"]
[WhiteElo "2841"]
[BlackElo "2498"]
[TimeControl "180+1"]
[EndTime "15:21:35 PDT"]
[Termination "ContrVersia won by checkmate"]

1. d4 Nf6 2. c4 e6 3. Nc3 Be7 4. e4 d6 5. f4 O-O 6. Nf3 a6 7. e5 Ne8 8. Bd3 c5 9. d5 exd5 10.
cxd5 Bg4 11. O-O Qc7 12. Qe1 Nd7 13. e6 Ndf6 14. exf7+ Rxf7 15. Ng5 c4 16. Bc2 Rf8 17. f5 Qd7 18. h3 Bh5 19. Ne6 Nc7 20. Qg3 Ncxd5 21.
Qxg7# 1-0

[Event "Late-Titled-Tuesday-Blitz-April-16-2024"]
[Site "Chess.com"]
[Date "2024.04.16"]
[Round "8"]
[White "dianamirza"]
[Black "StopLookingAtMyProfile"]
[Result "0-1"]
[WhiteElo "1951"]
[BlackElo "2339"]
[TimeControl "180+1"]
[EndTime "15:21:36 PDT"]
[Termination "StopLookingAtMyProfile won by resignation"]

1. d4 Nf6 2. c4 g6 3. Nc3 Bg7 4. g3 O-O 5. Bg2 c5 6. d5 d6 7. e4 e6 8. Nge2 exd5 9. cxd5 Re8 10.
O-O Nbd7 11. Bf4 Ne5 12. Bxe5 Rxe5 13. f4 Re8 14. Rc1 a6 15. Qb3 b5 16. a4 Rb8 17.
axb5 axb5 18. Nxb5 c4 19. Rxc4 Qb6+ 20. Ned4 Nxe4 21.
Bxe4 Rxe4 22. Qd3 Bf5 23. g4 Rxd4 24. Qxd4 Bxd4+ 25. Nxd4 Bd3 26. Rc6 Qxd4+ 0-1

[Event "Late-Titled-Tuesday-Blitz-April-16-2024"]
[Site "Chess.com"]
[Date "2024.04.16"]
[Round "8"]
[White "Fjal"]
[Black "Caracal3000"]
[Result "1-0"]
[WhiteElo "2323"]
[BlackElo "2465"]
[TimeControl "180+1"]
[EndTime "15:21:39 PDT"]
[Termination "Fjal won by resignation"]

1. Nf3 d5 2. g3 e6 3. Bg2 Nf6 4. O-O Be7 5. d3 O-O 6. Nbd2 c5 7. e4 d4 8. Ne1 Nc6 9. f4 e5 10. f5 h6 11. g4 Nh7 12. Ndf3 Bg5 13. Nxg5 Nxg5 14. h4 Nh7 15. Nf3 f6 16. g5 fxg5 17. hxg5 Nxg5 18. Nxg5 hxg5 19. Qh5 Qe8 20. Qxg5 Rf6 21.
Bf3 Qe7 22. Rf2 Bd7 23. Rg2 Raf8 24. Bd2 Nb4 25. Kf2 Kf7 26. Bh5+ g6 27. Bxg6+ 1-0

[Event "Late-Titled-Tuesday-Blitz-April-16-2024"]
[Site "Chess.com"]
[Date "2024.04.16"]
[Round "8"]
[White "zano2023"]
[Black "zverr1"]
[Result "0-1"]
[WhiteElo "2190"]
[BlackElo "2512"]
[TimeControl "180+1"]
[EndTime "15:21:42 PDT"]
[Termination "zverr1 won by resignation"]

1. d4 Nf6 2. Nd2 d5 3. Ngf3 g6 4. e3 Bg7 5. Bd3 O-O 6. O-O b6 7. Qe2 Bb7 8. c3 c5 9. e4 cxd4 10. cxd4 dxe4 11. Nxe4 Nc6 12. Rd1 Nb4 13. Bb1 Nxe4 14.
Bxe4 Bxe4 15. Qxe4 Qd5 16. Qxd5 Nxd5 17. a3 Rac8 18. Bg5 Rc2 19. Rd2 Rfc8 20. Rad1 h6 21. Be3 e6 22. h3 Kh7 23. Ne5 Bxe5 24. dxe5 Kg7 25. Bd4 Nf4 26. Kf1 Rxd2 0-1

[Event "Late-Titled-Tuesday-Blitz-April-16-2024"]
[Site "Chess.com"]
[Date "2024.04.16"]
[Round "8"]
[White "jbking07"]
[Black "2Coaches1Profile"]
[Result "1-0"]
[WhiteElo "2436"]
[BlackElo "2549"]
[TimeControl "180+1"]
[EndTime "15:22:18 PDT"]
[Termination "jbking07 won by resignation"]

1. e4 Nf6 2. e5 Nd5 3. Bc4 Nb6 4. Bb3 d6 5. exd6 cxd6 6. Nf3 g6 7. O-O Bg7 8. d4 O-O 9. c4 Nc6 10. Be3 Bg4 11.
d5 Ne5 12. Nbd2 Nxf3+ 13. Nxf3 Bxb2 14. Bh6 Bxf3 15. Qxf3 Bg7 16. Bxg7 Kxg7 17. a4 a5 18. Rfe1 Nd7 19. h4 h5 20. Qe3 Re8 21. Bd1 Rc8 22. Bxh5 Rxc4 23. Be2 Rxh4 24. g3 Rh6 25. Qd4+ Kg8 26. Bb5 Rf8 27. Kg2 Nc5 28. Rh1 Rxh1 29.
Rxh1 f6 30. Qh4 1-0

[Event "Late-Titled-Tuesday-Blitz-April-16-2024"]
[Site "Chess.com"]
[Date "2024.04.16"]
[Round "8"]
[White "Flawless_Fighter"]
[Black "steepedgames"]
[Result "0-1"]
[WhiteElo "2733"]
[BlackElo "2511"]
[TimeControl "180+1"]
[EndTime "15:22:24 PDT"]
[Termination "steepedgames won by checkmate"]

1. e4 e6 2. d4 d5 3. Nd2 Nf6 4. e5 Nfd7 5. Bd3 c5 6. c3 Be7 7.
Ne2 b6 8. O-O Ba6 9. Bxa6 Nxa6 10.
Nf3 c4 11. b3 b5 12. a4 Nc7 13. axb5 Nxb5 14. bxc4 dxc4 15. Qa4 Rb8 16. Qxc4 O-O 17.
Be3 Qc8 18. Qd3 Na3 19. Nd2 Nb6 20. Rfc1 Nbc4 21. Nxc4 Nxc4 22. Rxa7 Ba3 23. Rf1 Rd8 24. h3 Nxe5 25. Qe4 Nc4 26. Qf3 Rd7 27. Rxd7 Qxd7 28.
Nf4 g6 29. Nd3 Qd5 30. Qf4 Bd6 31. Qh6 Rb3 32. Ra1 Rxc3 33. Ra8+ Qxa8 34. Bg5 Rxd3 35.
Bf6 Rd1# 0-1

[Event "Late-Titled-Tuesday-Blitz-April-16-2024"]
[Site "Chess.com"]
[Date "2024.04.16"]
[Round "8"]
[White "ploxoi"]
[Black "dosto07"]
[Result "0-1"]
[WhiteElo "2399"]
[BlackElo "2513"]
[TimeControl "180+1"]
[EndTime "15:22:38 PDT"]
[Termination "dosto07 won by resignation"]

1. d4 d5 2. Nf3 Nf6 3. c4 dxc4 4. Nc3 a6 5. g3 b5 6. Bg2 Bb7 7. O-O e6 8. b3 cxb3 9. Qxb3 Nbd7 10. a4 b4 11. Nd1 Rc8 12. a5 Be7 13. Bd2 Rb8 14.
Nb2 O-O 15. Nd3 Bd5 16. Qa4 c5 17. dxc5 Nxc5 18. Nxc5 Bxc5 19. Rfc1 Bxf2+ 20. Kxf2 Ne4+ 21. Kg1 Nxd2 22. Nxd2 Bxg2 23. Kxg2 Qxd2 24. Rc2 Qd5+ 25. Kh3 Qf5+ 26. Kg2 Qe4+ 27. Kh3 Rb5 28. g4 h5 29. Rg1 hxg4+ 30. Kg3 Rh5 31. Kf2 Rxh2+ 32. Ke1 Qe3 33. Rf1 g3 0-1

[Event "Late-Titled-Tuesday-Blitz-April-16-2024"]
[Site "Chess.com"]
[Date "2024.04.16"]
[Round "8"]
[White "MeisterJabo"]
[Black "Revan_2002"]
[Result "0-1"]
[WhiteElo "2523"]
[BlackElo "2742"]
[TimeControl "180+1"]
[EndTime "15:22:42 PDT"]
[Termination "Revan_2002 won by resignation"]

1. c4 c6 2. g3 d5 3. Nf3 Nf6 4. Bg2 e6 5. O-O dxc4 6. a4 Nbd7 7. Qc2 b6 8. Qxc4 Bb7 9. d4 c5 10. Nc3 cxd4 11. Qxd4 Bc5 12. Qc4 O-O 13. Bf4 Rc8 14. Qb3 Qe7 15. Rfd1 Rfd8 16. Nb5 Ne4 17. Be3 a6 18.
Na3 Bd5 19. Bxc5 Ndxc5 20. Qxb6 Nxa4 21. Qxa6 Nxb2 22. Rdb1 Ra8 23. Qb6 Na4 24. Qe3 Nac3 25. Rc1 Rxa3 26. Rxa3 Qxa3 27. Ng5 Qxc1+ 28. Qxc1 Nxe2+ 0-1

[Event "Late-Titled-Tuesday-Blitz-April-16-2024"]
[Site "Chess.com"]
[Date "2024.04.16"]
[Round "8"]
[White "ellatambien"]
[Black "ural58"]
[Result "0-1"]
[WhiteElo "2710"]
[BlackElo "2538"]
[TimeControl "180+1"]
[EndTime "15:22:48 PDT"]
[Termination "ural58 won by resignation"]

1. c4 e5 2. Nc3 Nf6 3. Nf3 e4 4.
Ng5 c6 5. Ngxe4 Nxe4 6. Nxe4 d5 7.
cxd5 cxd5 8. Ng3 h5 9. h4 Bd6 10.
Qb3 Nc6 11. e3 Bxg3 12. fxg3 Qd6 13. Kf2 Ne5 14. Be2 Bg4 15. d4 Qf6+ 16. Ke1 Bxe2 17. dxe5 Qa6 18. a4 O-O 19. Bd2 Rac8 20. Kf2 Bc4 21.
Qb4 Qg6 22. Rhe1 b6 23. Rac1 a5 24. Qxb6 Qxb6 0-1

[Event "Late-Titled-Tuesday-Blitz-April-16-2024"]
[Site "Chess.com"]
[Date "2024.04.16"]
[Round "8"]
[White "ozates"]
[Black "Nemsko"]
[Result "1-0"]
[WhiteElo "2539"]
[BlackElo "2431"]
[TimeControl "180+1"]
[EndTime "15:22:49 PDT"]
[Termination "ozates won by resignation"]

1. e4 e5 2. Nf3 Nc6 3. Bc4 Bc5 4. c3 Nf6 5. d3 d6 6. Nbd2 O-O 7. O-O a6 8. a4 Ba7 9. h3 h6 10. Re1 Be6 11. Bxe6 fxe6 12. b4 Qe8 13. Nf1 Ne7 14. Ra2 Ng6 15. d4 exd4 16. cxd4 e5 17. Ng3 Kh8 18. Be3 Rd8 19. Rc2 c6 20. Qa1 Nd7 21. Nf5 Rf6 22. dxe5 Bxe3 23. exf6 Bxf2+ 24. Rxf2 Nxf6 25. N3h4 Nxh4 26. Nxg7 1-0

[Event "Late-Titled-Tuesday-Blitz-April-16-2024"]
[Site "Chess.com"]
[Date "2024.04.16"]
[Round "8"]
[White "GoltsevDmitry2000"]
[Black "EddieMarsalla"]
[Result "0-1"]
[WhiteElo "2759"]
[BlackElo "2593"]
[TimeControl "180+1"]
[EndTime "15:22:50 PDT"]
[Termination "EddieMarsalla won by resignation"]

1. e4 c6 2. e5 d5 3. exd6 exd6 4. d4 d5 5. Nf3 Nf6 6. c4 Be7 7. Nc3 dxc4 8. Bxc4 O-O 9. O-O h6 10.
Qd3 Nbd7 11. Bb3 Nc5 12. Qc2 Nxb3 13. Qxb3 Qb6 14. Qc2 Bg4 15. Ne5 Qxd4 16. Re1 Bd6 17.
Nxg4 Nxg4 18. h3 Rfe8 19. Rd1 Qe5 20. g3 Nxf2 21. Rxd6 Qxg3+ 22. Kf1 Qxh3+ 23. Kxf2 Qh2+ 24. Kf1 Qxc2 25. Bf4 Qxb2 26. Rc1 Qb4 27. Bh2 Rad8 28. Rxd8 Rxd8 29. Ne2 Qa4 30. Kf2 Qxa2 31. Bf4 Re8 32. Re1 a5 33. Kf3 Qd5+ 34. Kf2 a4 35. Bc1 Qc5+ 36.
Kg2 Rxe2+ 37. Rxe2 Qxc1 38. Re8+ Kh7 39. Re2 a3 40. Rf2 Qc4 41. Kg3 a2 42. Rf4 Qxf4+ 43. Kxf4 a1=Q 44. Kg4 Qf6 0-1

[Event "Late-Titled-Tuesday-Blitz-April-16-2024"]
[Site "Chess.com"]
[Date "2024.04.16"]
[Round "8"]
[White "Licancabur"]
[Black "azikom"]
[Result "0-1"]
[WhiteElo "2443"]
[BlackElo "2694"]
[TimeControl "180+1"]
[EndTime "15:22:56 PDT"]
[Termination "azikom won by resignation"]

1. d4 d5 2. Bg5 h6 3. Bh4 c6 4.
Nf3 Qb6 5. Qc1 Bf5 6. e3 e6 7. Bd3 Bxd3 8. cxd3 Nd7 9. O-O Ngf6 10. Nc3 Bd6 11. e4 Be7 12. Re1 Qd8 13. h3 O-O 14. Bg3 Re8 15. Qd2 Rc8 16. Rac1 Nb6 17.
Ne5 c5 18. dxc5 Bxc5 19. exd5 Nbxd5 20. Nxd5 Qxd5 21. b4 Bd4 22. Nc4 Red8 23. a3 b5 24.
Na5 Bb6 25. Re5 Rxc1+ 26. Qxc1 Qxd3 27. Nc6 Qxg3 28. Nxd8 Qxe5 0-1

[Event "Late-Titled-Tuesday-Blitz-April-16-2024"]
[Site "Chess.com"]
[Date "2024.04.16"]
[Round "8"]
[White "alexrustemov"]
[Black "BeanScreen"]
[Result "1-0"]
[WhiteElo "2860"]
[BlackElo "2671"]
[TimeControl "180+1"]
[EndTime "15:22:57 PDT"]
[Termination "alexrustemov won by resignation"]

1. d4 d5 2. c4 e6 3. Nc3 c5 4.
cxd5 cxd4 5. Qxd4 Nc6 6. Qd1 exd5 7. Qxd5 Qc7 8. Nf3 Be6 9. Qd1 Nf6 10. e3 Bb4 11. Bd2 Rd8 12. Qc2 Ne5 13. Be2 O-O 14.
O-O Rfe8 15. h3 b5 16. Nd4 Bc4 17. Ncxb5 Qc5 18. Bxb4 Qxb4 19. a3 Qc5 20. Rfc1 Rc8 21. b3 a6 22. Bxc4 Nxc4 23. Qxc4 Qxc4 24. bxc4 axb5 25.
cxb5 Ne4 26. Rxc8 Rxc8 27. a4 h5 28. a5 Rc5 29. a6 1-0

[Event "Late-Titled-Tuesday-Blitz-April-16-2024"]
[Site "Chess.com"]
[Date "2024.04.16"]
[Round "8"]
[White "expii"]
[Black "PapaieDudu"]
[Result "0-1"]
[WhiteElo "2203"]
[BlackElo "2315"]
[TimeControl "180+1"]
[EndTime "15:22:57 PDT"]
[Termination "PapaieDudu won on time"]

1. e4 c5 2. Nf3 d6 3. d4 cxd4 4. Nxd4 Nf6 5. Nc3 a6 6. b3 e6 7. g3 Qc7 8. Bd2 b5 9. Bg2 Bb7 10. a3 Nbd7 11. O-O Be7 12. Nde2 O-O 13. h3 Rfd8 14. Be3 Rac8 15. Qd2 Nc5 16. f3 d5 17. exd5 Nxd5 18. Nxd5 Rxd5 19. Qc1 Bf6 20. Rb1 Rcd8 21. f4 Rf5 22. Bxb7 Qxb7 23. Rd1 Rfd5 24. Rxd5 Qxd5 25. Qf1 g6 26. Qf2 Ne4 27. Qg2 Kg7 28. g4 h6 29. f5 exf5 30. gxf5 Qxf5 31. Rf1 Qe6 32. Nf4 Qe5 33. h4 Bxh4 34. Qg4 Ng3 35. Qxh4 Qxe3+ 0-1

[Event "Late-Titled-Tuesday-Blitz-April-16-2024"]
[Site "Chess.com"]
[Date "2024.04.16"]
[Round "8"]
[White "GaiozNigalidze"]
[Black "The_Straightforward_Rook"]
[Result "1-0"]
[WhiteElo "2677"]
[BlackElo "2432"]
[TimeControl "180+1"]
[EndTime "15:22:59 PDT"]
[Termination "GaiozNigalidze won by checkmate"]

1. e4 e6 2. d4 d5 3. exd5 exd5 4. Bd3 Bd6 5. Ne2 Ne7 6. O-O O-O 7. c3 Bf5 8. Bg5 f6 9. Bh4 Qe8 10. Bg3 Bxg3 11.
hxg3 Qg6 12. Bxf5 Qxf5 13. Qb3 b6 14. Na3 Nbc6 15. Nb5 Na5 16. Qd1 Qd7 17. a4 Nc4 18. b3 Nd6 19. Qd3 c6 20. Nxd6 Qxd6 21.
Nf4 g5 22. Nh5 Ng6 23. Rae1 Rae8 24. Qa6 Re7 25. a5 bxa5 26. Rxe7 Nxe7 27. Qxa7 Rb8 28. Re1 Kf7 29. Rxe7+ Qxe7 30. Qxb8 Qe1+ 31. Kh2 Qd1 32. Qc7+ Kg6 33. Qg7+ Kxh5 34. Qxh7+ Kg4 35. Qh3# 1-0

[Event "Late-Titled-Tuesday-Blitz-April-16-2024"]
[Site "Chess.com"]
[Date "2024.04.16"]
[Round "8"]
[White "HamedWafa4"]
[Black "ReadySkate"]
[Result "0-1"]
[WhiteElo "2752"]
[BlackElo "2644"]
[TimeControl "180+1"]
[EndTime "15:23:03 PDT"]
[Termination "ReadySkate won by resignation"]

1. e4 c5 2. Nc3 e6 3. Nge2 Nc6 4. d4 cxd4 5. Nxd4 Nf6 6. g3 Bb4 7. Bg2 d5 8. exd5 Nxd5 9. Nxc6 bxc6 10. O-O Ba6 11.
Re1 O-O 12. Bd2 Nxc3 13. bxc3 Bc5 14. Bxc6 Bxf2+ 15. Kxf2 Qb6+ 16. Be3 Qxc6 17. Bd4 f6 18. Qf3 Qd7 19. Rad1 Bb7 20. Qe2 Rfe8 21. Bxf6 Qf7 22. Kg1 Qxf6 23. Rd7 Bc6 24. Rc7 Qxc3 25. Rd1 Qc5+ 26.
Qf2 Qxf2+ 27. Kxf2 Rac8 28. Rxa7 Bd5 29. Rb1 Rxc2+ 30.
Ke3 Rxa2 31. Rc7 Rxh2 32. Rbc1 Rh6 33. Rd7 Rg6 34. Rcc7 Rxg3+ 35. Kd4 Rg6 36. Ke5 h6 37. Ra7 h5 38. Ra4 Rf8 39. Kd6 Rg4 40. Ra3 h4 41.
Raa7 h3 42. Ra2 Rg2 43. Ra1 h2 0-1

[Event "Late-Titled-Tuesday-Blitz-April-16-2024"]
[Site "Chess.com"]
[Date "2024.04.16"]
[Round "8"]
[White "IMGC"]
[Black "KNVB"]
[Result "1-0"]
[WhiteElo "2505"]
[BlackElo "2785"]
[TimeControl "180+1"]
[EndTime "15:23:04 PDT"]
[Termination "IMGC won on time"]

1. Nf3 d5 2. d4 c6 3. e3 Bg4 4. c4 e6 5. Nc3 Nd7 6. Qb3 Qb6 7. c5 Qxb3 8. axb3 Bxf3 9. gxf3 a6 10. b4 Rc8 11. e4 Ngf6 12. Bf4 Nh5 13. Bg3 g6 14. Rd1 f5 15. Bd6 fxe4 16. fxe4 dxe4 17. Nxe4 Ndf6 18. Be5 Be7 19. Ng5 Kd7 20. Bh3 Ng7 21. O-O Rce8 22. Rfe1 1-0

[Event "Late-Titled-Tuesday-Blitz-April-16-2024"]
[Site "Chess.com"]
[Date "2024.04.16"]
[Round "8"]
[White "zacachess"]
[Black "LUISMIGUELOV"]
[Result "1/2-1/2"]
[WhiteElo "2349"]
[BlackElo "2193"]
[TimeControl "180+1"]
[EndTime "15:23:08 PDT"]
[Termination "Game drawn by agreement"]

1. e4 c6 2. d4 d5 3. e5 c5 4. Nf3 Bg4 5. dxc5 Nc6 6. c3 e6 7.
Be3 Bxf3 8. Qxf3 Nxe5 9. Bb5+ Nc6 10. O-O Nf6 11. c4 Be7 12. Nc3 O-O 13. cxd5 Nxd5 14. Nxd5 Qxd5 15. Qxd5 exd5 16. Rfd1 Rfd8 17. Rd2 d4 18.
Bxc6 dxe3 19. Rxd8+ Rxd8 20. Bxb7 exf2+ 21. Kxf2 Bxc5+ 22. Ke2 Rb8 23. Rc1 Rxb7 24. Rxc5 Rxb2+ 25. Kf3 g6 26. Ra5 Rb7 27. g4 Kg7 28. g5 h6 29. h4 hxg5 30.
hxg5 f6 31. Kf4 fxg5+ 32. Kxg5 Kf7 33. Ra6 Rb5+ 34. Kf4 Rb7 35. Kg5 Ke7 36. Rxg6 Rb5+ 37. Kf4 Ra5 38. Rg2 Kd6 39. Rc2 Kd5 40. Ke3 Ra3+ 41. Kd2 Kd4 42. Kc1 Kd3 43. Rh2 Kc3 44. Rh3+ Kb4 45. Rxa3 Kxa3 46. Kb1 1/2-1/2

[Event "Late-Titled-Tuesday-Blitz-April-16-2024"]
[Site "Chess.com"]
[Date "2024.04.16"]
[Round "8"]
[White "AlexeiShirov"]
[Black "Firouzja2003"]
[Result "0-1"]
[WhiteElo "2833"]
[BlackElo "3042"]
[TimeControl "180+1"]
[EndTime "15:23:10 PDT"]
[Termination "Firouzja2003 won by resignation"]

1. e4 c6 2. d4 d5 3. e5 Bf5 4. h4 h5 5. Bd3 Bxd3 6. Qxd3 Qa5+ 7. Nd2 e6 8. Nf3 Nh6 9. O-O Nf5 10. Nb3 Qa6 11. Qd1 b6 12. a4 c5 13. a5 c4 14.
axb6 Qxb6 15. Nbd2 Nc6 16. c3 Be7 17. g3 O-O 18.
Re1 g6 19. Nf1 Kg7 20. Ne3 Nxe3 21. Rxe3 a5 22. Re2 Qb3 23. Qd2 Rh8 24. Qf4 a4 25. Kg2 a3 26. Ng5 Bxg5 27. Qxg5 a2 28. Qf6+ Kg8 29. Bg5 Qb7 30. Qf4 Ne7 31. Bf6 Rh7 32. Qd2 Nf5 33. Ree1 Kf8 34. f3 Ke8 35. g4 hxg4 36.
fxg4 Nxh4+ 37. Kg3 g5 38. Rh1 Nf5+ 39. gxf5 Rxh1 40.
Rxh1 a1=Q 41. Qxg5 Qxh1 42. Qg8+ Kd7 43. Qxf7+ Kc6 44.
Qxe6+ Kb5 0-1

[Event "Late-Titled-Tuesday-Blitz-April-16-2024"]
[Site "Chess.com"]
[Date "2024.04.16"]
[Round "8"]
[White "ChessBrainiacOnTwitch"]
[Black "Oleg_Papayan"]
[Result "1-0"]
[WhiteElo "2833"]
[BlackElo "2678"]
[TimeControl "180+1"]
[EndTime "15:23:13 PDT"]
[Termination "ChessBrainiacOnTwitch won by resignation"]

1. e4 d5 2. exd5 Qxd5 3. Nc3 Qd8 4. d4 c6 5. Bc4 Nf6 6. Nf3 Bf5 7. Ne5 e6 8. g4 Bg6 9. h4 Be4 10. Nxe4 Nxe4 11. Qf3 Nd6 12. Bb3 Nd7 13. Bf4 Nxe5 14.
Bxe5 Qd7 15. O-O-O O-O-O 16. c4 Ne8 17. Kb1 Bd6 18. c5 Bxe5 19. dxe5 Qc7 20. Rxd8+ Kxd8 21. Rd1+ Kc8 22. Qe3 Qe7 23. g5 Nc7 24. f4 Rd8 25. Rd6 Nb5 26. a4 Nxd6 27. cxd6 Qd7 28. Qxa7 1-0

[Event "Late-Titled-Tuesday-Blitz-April-16-2024"]
[Site "Chess.com"]
[Date "2024.04.16"]
[Round "8"]
[White "Lady_Nika"]
[Black "RebecaJimnz"]
[Result "1-0"]
[WhiteElo "2473"]
[BlackElo "2258"]
[TimeControl "180+1"]
[EndTime "15:23:16 PDT"]
[Termination "Lady_Nika won by checkmate"]

1. e4 c5 2. Nf3 Nc6 3. d4 cxd4 4. Nxd4 g6 5. Nxc6 bxc6 6. c3 Nf6 7. Bd3 Bg7 8. O-O O-O 9. Qe2 d6 10. Na3 c5 11.
Bg5 Rb8 12. Nc4 Be6 13. Ne3 Nd7 14. f4 Qb6 15. Rf2 Rfe8 16. f5 c4 17. Nxc4 Bxc4 18.
Bxc4 Ne5 19. fxg6 hxg6 20. Bb3 a5 21. Bf4 e6 22. Rf1 Rb7 23. Kh1 Reb8 24. Be3 Qc6 25. Qc2 Ng4 26. Rf3 Nxe3 27. Rxe3 Be5 28. Rh3 Kg7 29.
Qc1 Rh8 30. Rxh8 Kxh8 31. Qc2 Kg7 32. Rf3 Rb8 33. h3 Rh8 34. Qf2 a4 35. Rxf7+ Kh6 36. Qh4# 1-0

[Event "Late-Titled-Tuesday-Blitz-April-16-2024"]
[Site "Chess.com"]
[Date "2024.04.16"]
[Round "8"]
[White "laskakid"]
[Black "giomar27"]
[Result "1-0"]
[WhiteElo "2380"]
[BlackElo "2475"]
[TimeControl "180+1"]
[EndTime "15:23:20 PDT"]
[Termination "laskakid won by resignation"]

1. e4 e5 2. Nf3 Nc6 3. d3 g6 4. g3 Bg7 5. Bg2 Nge7 6. O-O O-O 7. c3 a5 8. d4 exd4 9. cxd4 d5 10. e5 Bf5 11.
Nc3 f6 12. exf6 Bxf6 13. Bh6 Re8 14. Re1 Bg4 15. Be3 Nf5 16. Qb3 Nxe3 17. fxe3 Be6 18. Qxb7 Qd7 19. Qb5 Nb4 20. Qxd7 Bxd7 21. Re2 c6 22.
Na4 Bg4 23. h3 Bxf3 24. Bxf3 Re7 25. Nc5 Rae8 26. Kf2 Bg5 27. e4 dxe4 28. Nxe4 Nd3+ 29. Kf1 Rf8 30. Nxg5 Rxe2 31. Kxe2 Nb4 32. a3 Nc2 33. Rd1 Rb8 34. Kd3 1-0

[Event "Late-Titled-Tuesday-Blitz-April-16-2024"]
[Site "Chess.com"]
[Date "2024.04.16"]
[Round "8"]
[White "TiagoMangialardo"]
[Black "schachsensei_YT"]
[Result "0-1"]
[WhiteElo "2061"]
[BlackElo "2287"]
[TimeControl "180+1"]
[EndTime "15:23:20 PDT"]
[Termination "schachsensei_YT won on time"]

1. e4 c5 2. Nf3 d6 3. Bb5+ Nd7 4. a4 g6 5. O-O Bg7 6. h3 Nf6 7. Qe2 O-O 8. c3 a6 9. Bc4 b6 10. d4 cxd4 11. cxd4 Bb7 12. Nc3 e6 13. Bg5 Qc7 14. Rac1 Rfc8 15. e5 dxe5 16. Nxe5 Nxe5 17. dxe5 Qxc4 18.
exf6 Bf8 19. Be3 Qh4 20. Bxb6 Qxf6 21. Rfd1 Qg5 22. f3 Bc5+ 23. Bxc5 Rxc5 24. h4 Qxh4 25. Ne4 Rh5 0-1